Map: Catallena LE (Void)

Players

Winthrowe - Winner!

  • Race: Terran Terran
  • Spawn Location: 9:00

A.I. 1 (Medium)

  • Race: Terran Terran
  • Spawn Location: 5:00

VOD

Have the link to the VOD?

Description

Time

  • Played on: Aug. 16, 2017, 6:50 p.m.
  • Length: 10:53
Show
View Real Time Build Order
Export as new Build Order

Winthrowe Terran - Winner!

Build Orders: MMM Bio 

Get SALT Encoding   

  12  0:03  SCV  
  13  0:24  Supply Depot  
  13  0:30  SCV  
  14  0:50  Barracks  
  14  0:53  SCV  
  15  1:05  SCV  
  15  1:09  Barracks  
  16  1:42  Refinery  
  16  1:45  SCV  
  17  1:57  SCV  
  18  2:03  Command Center  
  18  2:08  Refinery  
  18  2:09  SCV  
  19  2:39  Orbital Command  
  19  2:47  Barracks Reactor  
  19  2:50  Barracks Tech Lab  
  19  3:49  Marauder  
  19  3:51  Marine x2  
  23  4:03  SCV  
  23  4:09  Marine x2  
  26  4:11  Marauder  
  26  4:15  SCV  
  29  4:26  Marine, Factory  
  29  4:27  Marine, SCV  
  32  4:32  Marauder  
  34  4:39  SCV  
  34  4:44  Marine  
  34  4:45  Marine  
  37  4:47  SCV  
  38  5:07  Supply Depot  
  38  5:14  Engineering Bay  
  38  5:19  Combat Shields  
  38  5:29  Marine x2, SCV, Marauder  
  38  5:30  Supply Depot  
  43  5:36  Cyclone  
  46  5:52  Marine x2, Marauder  
  46  5:53  Supply Depot  
  50  5:58  Armory  
  50  6:08  Cyclone  
  53  6:15  Marauder  
  55  6:36  SCV, Marauder  
  55  6:38  Stimpack  
  58  6:45  Terran Infantry Weapons Level 1  
  58  6:47  Starport  
  58  6:49  SCV  
  58  6:50  Terran Vehicle Weapons Level 1  
  59  7:01  SCV  
  60  7:02  Marauder  
  62  7:12  Marine  
  62  7:13  Marine  
  62  7:14  SCV  
  62  7:20  Factory Tech Lab  
  60  7:24  Marauder  
  62  7:32  Supply Depot  
  62  7:47  Sensor Tower  
  62  7:53  Marine x2, SCV, Marauder  
  62  7:55  Supply Depot  
  67  8:11  Marine x2  
  69  8:18  Supply Depot  
  69  8:20  Marauder  
  69  8:23  Siege Tank  
  74  8:28  Marine x2  
  76  8:34  Refinery  
  76  8:39  Concussive Shells  
  76  8:40  Terran Infantry Armor Level 1  
  76  8:41  Marauder  
  76  8:44  Terran Vehicle And Ship Armor Level 1  
  76  8:46  Marine x2  
  80  8:57  Refinery  
  80  9:03  Marauder  
  80  9:04  Marine x2  
  84  9:20  Siege Tank  
  84  9:22  Marine x2  
  85  9:31  Marauder  
  84  9:40  Marine x2  
  85  9:58  Marine  
  86  10:06  Marine  
  86  10:10  Marauder  
  86  10:30  Marine  
Show
View Real Time Build Order
Export as new Build Order

A.I. 1 (Medium) Terran 

Build Orders:  

Get SALT Encoding   

  12  0:00  SCV  
  13  0:13  SCV  
  14  0:19  Supply Depot  
  14  0:25  SCV  
  15  0:40  SCV  
  15  0:42  Barracks  
  16  0:50  Refinery  
  16  0:53  SCV  
  17  1:05  SCV  
  18  1:18  Supply Depot  
  18  1:29  Orbital Command  
  18  1:30  Marine  
  19  1:34  Barracks  
  19  1:42  Refinery  
  19  1:48  Barracks Tech Lab  
  19  2:06  Marine  
  20  2:09  Supply Depot  
  20  2:24  Marine  
  21  2:33  Marine  
  22  2:45  Supply Depot  
  22  2:47  Marine  
  23  2:54  SCV  
  24  3:00  Marine  
  25  3:06  SCV  
  25  3:09  Engineering Bay  
  26  3:14  Marine  
  26  3:18  SCV  
  28  3:30  SCV  
  28  3:32  Marauder  
  31  3:43  SCV  
  31  3:46  Supply Depot  
  32  3:54  Marauder  
  32  3:55  SCV  
  35  4:15  Marauder  
  37  4:37  Marauder  
  39  4:58  Marauder  
  41  6:37  Marine, Barracks Tech Lab  
  41  6:39  Factory  
  42  6:42  Factory  
  42  6:45  Missile Turret, Command Center  
  42  6:46  Missile Turret  
  42  6:49  Supply Depot  
  42  6:52  Sensor Tower  
  42  6:56  Barracks  
  42  7:06  Bunker  
  42  7:12  Marine  
  26  7:24  Marine  
  26  7:27  Starport  
  26  7:28  Factory Tech Lab x2  
  27  7:30  Armory  
  27  7:36  Marine  
  28  7:43  Barracks Reactor  
  28  7:49  Marine  
  29  7:58  SCV  
  30  8:01  Marine, SCV  
  32  8:06  Starport Tech Lab, Refinery  
  32  8:08  Missile Turret  
  32  8:09  Missile Turret  
  32  8:10  SCV, Refinery  
  33  8:13  Marine, SCV  
  35  8:22  SCV  
  35  8:24  Raven  
  35  8:25  Marine, SCV  
  40  8:30  Bunker  
  40  8:34  SCV  
  40  8:37  SCV  
  40  8:38  Marauder  
  43  8:46  SCV  
  44  8:49  SCV  
  44  8:50  Siege Tank  
  48  8:58  SCV  
  48  9:01  SCV  
  48  9:02  Siege Tank  
  53  9:07  Raven  
  55  9:10  SCV  
  55  9:13  SCV  
  55  9:14  Marauder  
  59  9:22  SCV  
  60  9:25  SCV  
  60  9:26  Cyclone  
  60  9:34  SCV  
  60  9:37  SCV  
  60  9:38  Marine  
  53  9:41  Supply Depot  
  52  9:46  Hellion  
  52  9:47  SCV  
  40  9:53  Marauder  
  40  9:59  SCV  
  40  10:00  Marauder  
  35  10:07  Hellion  
  35  10:11  SCV  
  29  10:19  Marine  
  22  10:23  SCV  
  22  10:28  Hellion  
  19  10:35  SCV  
Tags
 
Composition
MMM Bio
Matchup
TvT
Race
Terran
Spawn Locations
Cross Positions
Add a new tag
Caveats
  • Supply blocks, unpowered buildings, or Contaminate may cause inaccurate times.
  • Supply counts are checked every 10 seconds.